 Dungeon Crawl Stone Soup version 0.29-a0-857-g9b1aa3ac5b (webtiles) character file.

Game seed: 14112550228816330415

67 xian the Magician (level 4, -3/30 HPs)
             Began as a Demonspawn Hedge Wizard on July 17, 2022.
             Slain by Grinder (6 damage)
             ... on level 3 of the Dungeon.
             The game lasted 00:05:26 (2740 turns).

xian the Magician (Demonspawn Hedge Wizard)         Turns: 2740, Time: 00:05:27

Health: -3/30      AC:  2    Str: 18    XL:     4   Next: 0%
Magic:  2/10       EV: 12    Int: 15    God:
Gold:   861        SH:  4    Dex: 13    Spells: 7/11 levels left

rFire   . . .      SeeInvis .   t - +1 mace (vorpal)
rCold   . . .      Faith    .   (no shield)
rNeg    . . .      Spirit   .   b - +0 robe
rPois   .          Reflect  .   c - +0 hat
rElec   .          Harm     .   (no cloak)
rCorr   .          Rampage  .   (no gloves)
Will    .....                   (no boots)
Stlth   ++........              (no amulet)
HPRegen 0.10/turn               g - ring of wizardry
MPRegen 0.12/turn               j - +6 ring of strength

@: no status effects
A: large bone plates 1, ignite blood 1
a: no special abilities


You were on level 3 of the Dungeon.
You visited 1 branch of the dungeon, and saw 3 of its levels.

You collected 861 gold pieces.

Inventory:

Hand Weapons
 t - a +1 vorpal mace (weapon)
Missiles
 r - a throwing net
Armour
 b - a +0 robe (worn)
 c - a +0 hat (worn)
Jewellery
 g - a ring of wizardry (left hand)
 j - a +6 ring of strength (right hand)
 l - a ring of fire
 s - a ring of poison resistance
Scrolls
 e - a scroll of summoning
 f - a scroll of fear
 k - a scroll of poison
Potions
 d - a potion of magic
 h - 2 potions of curing {unknown}
 m - a potion of heal wounds {unknown}
 n - a potion of mutation {unknown}
 o - a potion of cancellation {unknown}
 p - a potion of degeneration {unknown}
 q - 2 potions of attraction {unknown}


   Skills:
 + Level 0.1 Fighting
 + Level 0.7 Short Blades
 + Level 1.8 Dodging
 + Level 2.1 Stealth
 + Level 0.1 Shields
 + Level 4.0 Spellcasting
 + Level 1.6 Conjurations
 + Level 1.1 Summonings
 + Level 0.8 Translocations


You had 7 spell levels left.
You knew the following spells:

 Your Spells              Type           Power      Damage    Failure   Level
a - Magic Dart            Conj           28%        1d4       4%          1
b - Call Imp              Summ           6%         N/A       7%          2
c - Slow                  Hex            12%        N/A       8%          1

Your spell library contained the following spells:

 Spells                   Type           Power      Damage    Failure   Level
 Apportation              Tloc           10%        N/A       5%          1
 Blink                    Tloc           10%        N/A       8%          2
 Conjure Flame            Conj/Fire      5%         6-21      16%         3
 Mephitic Cloud           Conj/Pois/Air  4%         N/A       17%         3
 Alistair's Intoxication  Tmut/Pois      2%         N/A       86%         5


Dungeon Overview and Level Annotations

Branches:
Dungeon (3/15)

Altars:
Ru

Annotations:
D:3 Grinder


Innate Abilities, Weirdness & Mutations

You are partially covered in large bone plates. (SH +4)
Your demonic aura sometimes causes spilled blood to erupt in flames.


Message History

Grinder is moderately wounded.
The magic dart hits Grinder.
Grinder is moderately wounded.
The magic dart hits Grinder but does no damage.
Grinder is moderately wounded.
The magic dart hits Grinder but does no damage.
Grinder is moderately wounded.
You are out of magic!
Grinder says, "Mostly I couldn't keep them alive."
Grinder gestures at you.
You suddenly lose the ability to move!
You can move again.
You block Grinder's attack.
You hit Grinder. Your punch misses Grinder.
Grinder is heavily wounded.
Grinder hits you but does no damage.
You hit Grinder but do no damage.
Grinder is heavily wounded.
Grinder says, "FISH!"
Grinder blinks!
Grinder gestures at you. Pain shoots through your body!
Grinder says, "Don't move a muscle."
Grinder gestures at you.
You suddenly lose the ability to move!
Grinder hits you!
You can move again.
You closely miss Grinder.
Grinder is heavily wounded.
Grinder barely misses you. x2
You hit Grinder.
Grinder is severely wounded.
Grinder gestures at you. Pain shoots through your body!
You thump Grinder!
Grinder is almost dead.
Grinder hits you!
* * * LOW HITPOINT WARNING * * *
You writhe in agony.
You die...

..........#... ..# ##
§.≈≈≈≈§.≈.##..##.##.+
≈......§≈.# #.#.#..#
§.§...≈.≈.# ##...#
≈§§§_.≈§≈.## ##.##
≈§≈...≈.≈..#####.#
§§§§..[.≈......#.#
§.≈≈≈§§5§..###.#.#
.......@..####.#.#
..........<......#
.##.###.######.### #.
#.# #.# # #.# #.# #..
..# ### ###


You could see Grinder.

Vanquished Creatures
  An adder (D:2)
  2 dart slugs
  3 bats
  4 endoplasms
  6 giant cockroaches
  7 goblins
  5 hobgoblins
  2 jackals (D:1)
  2 kobolds
  3 quokkas
  6 ball pythons
  3 frilled lizards
  4 rats
48 creatures vanquished.

Vanquished Creatures (others)
  2 plants (D:2)
2 creatures vanquished.

Grand Total: 50 creatures vanquished

Notes
Turn   | Place    | Note
-------+----------+-------------------------------------------
     0 | D:1      | xian the Demonspawn Hedge Wizard began the quest for the
                  | Orb.
     0 | D:1      | Reached XP level 1. HP: 13/13 MP: 4/4
   379 | D:1      | Gained mutation: You are partially covered in large bone
                  | plates. (SH +4) [demonic ancestry]
   379 | D:1      | Reached XP level 2. HP: 19/19 MP: 1/6
   588 | D:1      | Learned a level 2 spell: Call Imp
   712 | D:1      | Found a faded altar of an unknown god.
  1375 | D:1      | Reached XP level 3. HP: 24/24 MP: 2/8
  1582 | D:2      | Learned a level 1 spell: Slow
  2161 | D:2      | Reached skill level 4 in Spellcasting
  2636 | D:2      | Identified a scroll of acquirement
  2637 | D:2      | Acquired 755 gold pieces
  2665 | D:3      | Gained mutation: Your demonic aura sometimes causes spilled
                  | blood to erupt in flames. [demonic ancestry]
  2665 | D:3      | Reached XP level 4. HP: 30/30 MP: 5/10
  2703 | D:3      | Found a sacrificial altar of Ru.
  2704 | D:3      | Noticed Grinder
  2725 | D:3      | Paralysed by Grinder for 2 turns
  2736 | D:3      | Paralysed by Grinder for 2 turns
  2740 | D:3      | Slain by Grinder

Illustrated notes

Levels and vault maps discovered:
D:1:      minmay_arrival_up_and_down, layout_loops_corners,
          shapermc_ecumenical_altar_starsandcircs
D:2:      cheibrodos_old_hovel, layout_rooms, minmay_randomly_rotated_circles
D:3:      layout_loops_corners, mainiacjoe_overflow_24_doors,
          mainiacjoe_overflow_cross_hatched,
          mainiacjoe_overflow_large_starburst, cheibrodos_ashenzari_chains,
          kennysheep_generic_room_8, uniq_crazy_yiuf_cottage, uniq_grinder

Skill      XL: |  1  2  3 |
---------------+----------+-----
Stealth        | 2 |  2.1
Spellcasting   | 4 |  4.0
Fighting       | |  0.1
Short Blades   | |  0.7
Dodging        | |  1.8
Shields        | |  0.1
Conjurations   | |  1.6
Summonings     | |  1.1
Translocations | |  0.8

Action                   |  1- 3 |  4- 6 || total
-------------------------+-------+-------++-------
Melee: Dagger            |    74 |       ||    74
       Mace              |       |     5 ||     5
 Cast: Magic Dart        |    99 |    12 ||   111
       Call Imp          |     1 |       ||     1
  Use: Scroll            |     5 |       ||     5
Armor: Robe              |    22 |     1 ||    23
Dodge: Dodged            |    57 |     2 ||    59
Block: Other             |    19 |     1 ||    20

Table legend: (Time is in decaauts)
 A = Elapsed time spent in this place.
 B = Non-inter-level travel time spent in this place.
 C = Inter-level travel time spent in this place.
 D = Time resting spent in this place.
 E = Time spent auto-exploring this place.
 F = Levels seen in this place.
 G = Mean time per level.
                   A        B        C        D        E       F      G
               +--------+--------+--------+--------+--------+-----+--------+
         Total |   2738 |   2717 |     21 |      0 |   2243 |   3 |  912.7 |
       Dungeon |   2738 |   2717 |     21 |      0 |   2243 |   3 |  912.7 |
               +--------+--------+--------+--------+--------+-----+--------+

Top non-repeatable levels by time:
     D:1: 1578 daAuts
     D:2: 1062 daAuts
     D:3: 97 daAuts
